 Dungeon Crawl Stone Soup version 0.29-a0-341-g24ffce5b50 (webtiles) character file.

Game seed: 18117630501252487348

1088 spaghetti the Slinger (level 7, -5/53 HPs)
             Began as a Demigod Hunter on Apr 20, 2022.
             Slain by a gnoll sergeant
             ... wielding a +4 trident of protection
              (17 damage)
             ... on level 5 of the Dungeon.
             The game lasted 00:07:23 (2990 turns).

spaghetti the Slinger (Demigod Hunter)              Turns: 2990, Time: 00:07:23

Health: -5/53      AC:  4    Str: 15    XL:     7   Next: 82%
Magic:  18/18      EV: 12    Int: 23    God:
Gold:   189        SH:  0    Dex: 17    Spells: 3/6 levels left

rFire   + . .      SeeInvis .   a - +2 hunting sling (freeze) {sling}
rCold   . . .      Faith    .   (no shield)
rNeg    + . .      Spirit   .   q - +1 robe "Buonama" {rN+ Str+3 Int+4}
rPois   +          Reflect  .   e - +0 helmet
rElec   .          Harm     .   (no cloak)
rCorr   .          Rampage  .   (no gloves)
Will    .....                   (no boots)
Stlth   ++........              l - amulet of regeneration {@e2}
HPRegen 0.97/turn               o - ring of magical power
MPRegen 0.16/turn               (no ring)

@: studying Unarmed Combat
A: high MP 1, forlorn, divine attributes, fire resistance 1, poison resistance
a: no special abilities


You were on level 5 of the Dungeon.
You visited 1 branch of the dungeon, and saw 7 of its levels.

You collected 189 gold pieces.


Innate Abilities, Weirdness & Mutations

You have an increased reservoir of magic. (+10% MP)
You shall have no god before yourself.
Your divine heritage dramatically boosts your attributes as you level up.
Your flesh is heat resistant. (rF+)
Your system is resistant to poisons. (rPois)


   Skills:
 - Level 1.7 Fighting
 + Level 9.4 Slings
 - Level 1.7 Dodging
 - Level 0.8 Stealth
 * Level 1.0 Air Magic


You had 3 spell levels left.
You knew the following spells:

 Your Spells              Type           Power      Damage    Failure   Level
a - Swiftness             Air            4%         N/A       30%         3

Your spell library contained the following spells:

 Spells                   Type           Power      Damage    Failure   Level
 Ensorcelled Hibernation  Hex/Ice        0%         N/A       24%         2
 Passwall                 Tmut/Erth      0%         N/A       24%         2

Inventory:

Hand Weapons
 a - a +2 hunting sling of freezing (weapon) {sling}
 g - a +0 club {mace}
   (You took it off a goblin on level 3 of the Dungeon)
Missiles
 h - 127 stones {throwing}
 k - 2 atropa-tipped darts {throwing}
Armour
 b - a +0 leather armour
 e - a +0 helmet (worn)
   (You found it on level 3 of the Dungeon)
 q - the +1 robe "Buonama" (worn) {rN+ Str+3 Int+4}
   (You found it on level 6 of the Dungeon)

   Str:       It affects your strength (+3).
   Int:       It affects your intelligence (+4).
   rN:        It protects you from negative energy.
Magical Staves
 j - a staff of fire {!astaff}
   (You found it on level 3 of the Dungeon)
Jewellery
 l - an amulet of regeneration (around neck) {@e2}
   (You found it on level 2 of the Dungeon)
 o - a ring of magical power (left hand)
   (You found it on level 3 of the Dungeon)
Scrolls
 c - a scroll of immolation {!r!r}
 d - 3 scrolls of identify {@r1}
Potions
 f - 3 potions of curing {@q1}
 i - 2 potions of mutation {!q}
 m - a potion of flight
 n - a potion of cancellation
 p - a potion of magic

Dungeon Overview and Level Annotations

Branches:
Dungeon (7/15)             Temple (0/1) D:6

Shops:
D:1 !   D:3 = D:5

*
........###...#.....##..#####.#..
##...###...###.#....##........#..
..###.........###...#...#####.#..
##...###...###...###.#..#...#.#..
...>....###.........##..#.#.#.#..
##...###...###...####...#.#.#.#..
..###.........###.......#.#...#..
##...###...######...##<.#.#####..
[.......###...gg@.......#........
##...###.g.g.gg.n....#..#.#####..
..###....≈≈≈≈≈≈≈≈≈..##..#.#...#..
### ##..g≈##≈≈≈##≈..#...#.#.#.#..
..## #...≈#######≈..#...#.#.#.#..
...###...≈≈#.$.#≈≈......#...#.#..
.........≈≈#.g.#≈≈......#####.#..
....###.#≈≈#.g.#≈≈###.........#..
....##...≈###'###≈#.....#####.#..


You could see a necrophage, a gnoll sergeant and 5 gnolls.


Message History

The sling bullet hits the yak.
The sling bullet freezes the yak.
Fire: a) +2 hunting sling (freeze) {sling}
Press: ? - help, Q - select action, (/) - cycle Shift-Dir - straight line, f/p - yak
Aim: a yak (moderately wounded, 74% to hit)
You shoot a sling bullet. The sling bullet hits the yak!
The sling bullet freezes the yak.
Fire: a) +2 hunting sling (freeze) {sling}
Press: ? - help, Q - select action, (/) - cycle Shift-Dir - straight line, f/p - yak
Aim: a yak (moderately wounded, 74% to hit)
You shoot a sling bullet. The sling bullet hits the yak.
The sling bullet freezes the yak.
A yak comes into view.
Fire: a) +2 hunting sling (freeze) {sling}
Press: ? - help, Q - select action, (/) - cycle Shift-Dir - straight line, f/p - yak
Aim: a yak (moderately wounded, 74% to hit)
You shoot a sling bullet. The yak bellows!
The sling bullet hits the yak but does no damage.
You hear a bellow!
Fire: a) +2 hunting sling (freeze) {sling}
Press: ? - help, Q - select action, (/) - cycle Shift-Dir - straight line, f/p - yak
Aim: a yak (moderately wounded, 74% to hit)
You shoot a sling bullet. The sling bullet hits the yak.
The sling bullet freezes the yak.
A yak comes into view.
The yak attacks as you move away! The yak gores you! 😕 HP[-7]
You take 7 damage, and now have 46/53 hp. 😕 HP[+1] 😕 HP[+1] 😕 HP[+1] Fire: a) +2 hunting sling (freeze) {sling}
Press: ? - help, Q - select action, (/) - cycle Shift-Dir - straight line, f/p - yak
Aim: a yak (moderately wounded, 74% to hit)
You shoot a sling bullet. The sling bullet hits the yak.
The sling bullet freezes the yak.
A yak comes into view.
The yak gores you! 😮 HP[-13]
You take 13 damage, and now have 36/53 hp.
MASSIVE DAMAGE!! (PAUSE) 😮 HP[+1] 😮 HP[+1]
The yak attacks as you move away! The yak barely misses you. 😮 HP[+1]
The yak attacks as you move away! The yak gores you. 😮 HP[-1]
You take 1 damage, and now have 38/53 hp.
The yak attacks as you move away! The yak gores you.
There is a stone staircase leading up here. 😮 HP[-3]
You take 3 damage, and now have 35/53 hp.
The yak gores you!
* * * LOW HITPOINT WARNING * * *
You climb upwards.
You hear the sound of rushing water.
There is an entrance to a sewer on this level.
Hurry and find it before the portal rusts away!
You hear the slow rusting of a distant drain.
The necrophage hits you but does no damage.
There is a stone staircase leading down here. 😨 HP[-10]
You take 10 damage, and now have 25/53 hp.
Unknown command.
Unknown command.
Okay, then.
Okay, then. 😨 HP[+1]
The yak attacks as you move away! The yak gores you!
* * * LOW HITPOINT WARNING * * *
😱 HP[-13]
You take 13 damage, and now have 13/53 hp.
MASSIVE DAMAGE!! (PAUSE)
Okay, then. 😨 HP[+1]
An ogre comes into view.
It is wielding a +0 giant spiked club. 😨 HP[+1]
You see here 18 gold pieces. 😨 HP[+1]
The necrophage attacks as you move away!
The necrophage closely misses you. 😨 HP[+1]
The necrophage attacks as you move away!
The necrophage barely misses you. 😨 HP[+1]
The necrophage attacks as you move away!
The necrophage hits you.
* * * LOW HITPOINT WARNING * * *
😨 HP[-1]
You take 1 damage, and now have 17/53 hp. 😨 HP[+1]
There is a stone staircase leading up here. 😨 HP[+1]
The necrophage hits you.
* * * LOW HITPOINT WARNING * * *
You climb upwards.
The gnoll sergeant hits you with a +4 trident of protection!
* * * LOW HITPOINT WARNING * * *
The gnoll sergeant hits you with a +4 trident of protection!
You die...

Skill      XL: |  1  2  3  4  5  6  7 |
---------------+----------------------+-----
Slings         | 4 5 6 8 9 |  9.4
Air Magic      | 1 |  1.0
Fighting       | |  1.7
Dodging        | |  1.7
Stealth        | |  0.8

Action                   |  1- 3 |  4- 6 |  7- 9 || total
-------------------------+-------+-------+-------++-------
Melee: Club              |       |    11 |       ||    11
       Hunting sling     |       |     3 |       ||     3
 Fire: Hunting sling     |    72 |   155 |   105 ||   332
  Use: Scroll            |     1 |     3 |     1 ||     5
       Potion            |       |     6 |     1 ||     7
Armor: Leather armour    |     4 |    37 |    12 ||    53
       Robe              |       |       |     1 ||     1
Dodge: Dodged            |    15 |    72 |    38 ||   125

Levels and vault maps discovered:
D:1:      amcnicky_arrival_flooded_fountain, layout_rooms,
          ebering_ecumenical_altar_mist, serial_shops, shop
D:2:      layout_basic, kennysheep_potato
D:3:      layout_basic, serial_shops, nicolae_square_shop, uniq_grinder,
          uniq_robin
D:4:      layout_basic, kennysheep_mini_moat, serial_forest,
          infiniplex_forest_lined_2, infiniplex_forest_lined_room_3,
          infiniplex_forest_straight_4, infiniplex_forest_straight_3,
          infiniplex_forest_clump_diagonal, infiniplex_forest_lined_4_way,
          infiniplex_forest_straight_2, infiniplex_forest_lined_room_2,
          minmay_manual_mail
D:5:      nicolae_BIG_FREAKIN_CUBE, layout_rooms, roderic_lattice_a,
          minmay_shop_damaged, lightli_minifort
D:6:      layout_cave_pools, minmay_temple_entry_statues_fountains,
          gup_sewer_entry_bubbles
D:7:      layout_loops_ring, uniq_joseph

Notes
Turn   | Place    | Note
-------+----------+-------------------------------------------
     0 | D:1      | spaghetti the Demigod Hunter began the quest for the Orb.
     0 | D:1      | Reached XP level 1. HP: 17/17 MP: 3/3
     0 | D:1      | magus.rc [v1.9.6]
    53 | D:1      | Found Seudeipo's Distillery.
   112 | D:2      | Reached skill level 4 in Slings
   193 | D:2      | Reached XP level 2. HP: 19/24 MP: 4/4
   614 | D:2      | Reached XP level 3. HP: 28/29 MP: 5/5
   861 | D:2      | Reached skill level 5 in Slings
  1255 | D:3      | Reached XP level 4. HP: 36/36 MP: 6/6
  1288 | D:3      | Noticed Grinder
  1304 | D:3      | Paralysed by Grinder for 6 turns
  1313 | D:3      | Killed Grinder
  1314 | D:3      | Reached skill level 6 in Slings
  1314 | D:3      | Reached XP level 5. HP: 39/41 MP: 7/7
  1407 | D:3      | Found Muureh's Jewellery Boutique.
  1412 | D:3      | Reached XP level 6. HP: 48/48 MP: 8/8
  1417 | D:3      | Gained mutation: Your system is resistant to poisons.
                  | (rPois) [potion of mutation]
  1417 | D:3      | Gained mutation: Your flesh is heat resistant. (rF+)
                  | [potion of mutation]
  1439 | D:3      | Reached skill level 7 in Slings
  1487 | D:3      | Noticed Robin
  1506 | D:3      | Killed Robin
  1965 | D:4      | You pick up a book of Burglary and begin reading...
  1965 | D:4      | You add the spells Passwall, Ensorcelled Hibernation and
                  | Swiftness to your library.
  2033 | D:4      | Noticed a two-headed ogre
  2052 | D:5      | Entered Level 5 of the Dungeon
  2052 | D:5      | Found Agallaa's Lightly-Used Armoury.
  2125 | D:5      | Reached skill level 8 in Slings
  2176 | D:5      | Reached XP level 7. HP: 43/53 MP: 9/9
  2398 | D:5      | Reached skill level 9 in Slings
  2794 | D:6      | Identified the +1 robe "Buonama" {rN+ Str+3 Int+4}
  2798 | D:6      | Found a staircase to the Ecumenical Temple.
  2818 | D:7      | Learned a level 3 spell: Swiftness
  2835 | D:7      | Noticed a yak
  2854 | D:7      | Reached skill level 1 in Air Magic
  2958 | D:7      | Noticed a yak
  2963 | D:7      | Noticed a yak
  2965 | D:7      | Noticed a yak
  2971 | D:7      | Noticed a yak
  2980 | D:6      | HP: 12/53 [yak (14)]
  2990 | D:5      | HP: 12/53 [gnoll sergeant/+4 trident of protection (8)]
  2990 | D:5      | Slain by a gnoll sergeant

Vanquished Creatures
  Grinder (D:3)
  A water moccasin (D:5)
  A sky beast (D:5)
  A necrophage (D:7)
  A scorpion (D:6)
  3 hounds
  2 jellies
  3 orc priests
  5 iguanas
  An orc wizard (D:5)
  Robin (D:3)
  11 adders
  3 ufetubi
  2 dart slugs (D:2)
  A worm (D:2)
  11 orcs
  4 ball pythons
  5 endoplasms
  A giant cockroach (D:4)
  9 hobgoblins
  6 kobolds
  A quokka (D:3)
  A bat (D:3)
  4 frilled lizards
  10 goblins
  A rat (D:1)
90 creatures vanquished.

Table legend:
 A = Non-vault XP
 B = Vault XP
 C = Vault XP percentage of total XP
 D = Non-vault monster count
 E = Vault monster count
 F = Vault count percentage of total count
                 A         B        C        D         E       F
            +---------+---------+-------+---------+---------+-------
      Total |    1256 |     299 |  19.2 |      75 |      15 |  16.7
            +---------+---------+-------+---------+---------+-------
        D:1 |       9 |       0 |   0.0 |       6 |       0 |   0.0
        D:2 |      68 |       2 |   2.9 |      15 |       1 |   6.2
        D:3 |     127 |     294 |  69.8 |      22 |      13 |  37.1
        D:4 |     134 |       3 |   2.2 |       7 |       1 |  12.5
        D:5 |     747 |       0 |   0.0 |      23 |       0 |   0.0
        D:6 |      83 |       0 |   0.0 |       1 |       0 |   0.0
        D:7 |      88 |       0 |   0.0 |       1 |       0 |   0.0
            +---------+---------+-------+---------+---------+-------

Illustrated notes

Table legend:
 A = Kills in this place as a percentage of kills in entire the game.
 B = Kills by you in this place as a percentage of kills by you in the entire game.
 C = Kills by friends in this place as a percentage of kills by friends in the entire game.
 D = Other kills in this place as a percentage of other kills in the entire game.
 E = Experience gained in this place as a percentage of experience gained in the entire game.
 F = Experience gained in this place divided by the number of levels of this place that you have seen.
                   A       B       C       D       E      F
               +-------+-------+-------+-------+-------+----------------------
         Total | 100.0 | 100.0 |   N/A |   N/A | 100.0 | 222.1
       Dungeon | 100.0 | 100.0 |   N/A |   N/A | 100.0 | 222.1
               +-------+-------+-------+-------+-------+----------------------

Table legend: (Time is in decaauts)
 A = Elapsed time spent in this place.
 B = Non-inter-level travel time spent in this place.
 C = Inter-level travel time spent in this place.
 D = Time resting spent in this place.
 E = Time spent auto-exploring this place.
 F = Levels seen in this place.
 G = Mean time per level.
                   A        B        C        D        E       F      G
               +--------+--------+--------+--------+--------+-----+--------+
         Total |   3056 |   3006 |     50 |    100 |   2183 |   7 |  436.6 |
       Dungeon |   3056 |   3006 |     50 |    100 |   2183 |   7 |  436.6 |
               +--------+--------+--------+--------+--------+-----+--------+

Top non-repeatable levels by time:
     D:2: 940 daAuts
     D:3: 827 daAuts
     D:5: 746 daAuts
     D:4: 243 daAuts
     D:7: 177 daAuts
     D:1: 91 daAuts
     D:6: 30 daAuts
